 Dungeon Crawl Stone Soup version 0.22-a0-63-geddfa9b (webtiles) character file.

108 Amnesiac the Gusty (level 4, -12/24 HPs)
             Began as a Tengu Air Elementalist on Jan 10, 2018.
             Killed by divine providence
             ... invoked by an orc priest
              (17 damage)
             ... on level 3 of the Dungeon.
             The game lasted 00:04:33 (2323 turns).

Amnesiac the Gusty (Tengu Air Elementalist)         Turns: 2323, Time: 00:04:34

Health: -12/24     AC:  2    Str:  9    XL:     4   Next: 87%
Magic:  1/9        EV: 12    Int: 16    God:
Gold:   89         SH:  0    Dex: 14    Spells: 4/9 levels left

rFire    . . .     SeeInvis .   j - +0 dagger (venom)
rCold    . . .     Gourm    .   (no shield)
rNeg     . . .     Faith    .   a - +0 robe
rPois    .         Spirit   .   (helmet restricted)
rElec    .         Reflect  .   (no cloak)
rCorr    .         Harm     .   (no gloves)
MR       .....                  (boots unavailable)
Stlth    +.........             (no amulet)
HPRegen  0.08/turn              (no ring)
MPRegen  0.11/turn              (no ring)

@: confused, very slightly contaminated
A: beak, talons 3
a: no special abilities


You were on level 3 of the Dungeon.
You were hungry.

You visited 1 branch of the dungeon, and saw 3 of its levels.

You collected 89 gold pieces.

Inventory:

Hand Weapons
 j - a +0 dagger of venom (weapon)
Armour
 a - a +0 robe (worn)
Jewellery
 m - a +3 ring of evasion {unknown}
Scrolls
 h - a scroll of identify {!r, unknown}
 i - a scroll of teleportation {!r, unknown}
 k - 2 scrolls of fog {!r, unknown}
 n - 2 scrolls of enchant weapon {!r, unknown}
 p - a scroll of fear {!r, unknown}
Potions
 d - a potion of degeneration {!q, unknown}
 e - a potion of invisibility {!q, unknown}
 f - a potion of lignification {!q, unknown}
 g - a potion of curing {!q, unknown}
 o - a potion of heal wounds {!q, unknown}
Books
 b - a book of Air

   Spells                             Type                      Level
   a - Shock                          Conjuration/Air              1
   b - Swiftness                      Charms/Air                   2
   c - Static Discharge               Conjuration/Air              3
   d - Airstrike                      Air                          4
   e - Lightning Bolt                 Conjuration/Air              5
Comestibles
 c - 4 rations
 l - a chunk of flesh


   Skills:
 - Level 2.1 Dodging
 - Level 2.0 Stealth
 + Level 3.0 Spellcasting
 - Level 1.3 Conjurations
 * Level 6.3 Air Magic


You had 4 spell levels left.
You knew the following spells:

 Your Spells              Type           Power        Failure   Level  Hunger
a - Shock                 Conj/Air       ##..         3%          1    #......
d - Airstrike             Air            ###.......   14%         4    #####..


Dungeon Overview and Level Annotations

Branches:
Dungeon (3/15)

Altars:


Innate Abilities, Weirdness & Mutations

You have a beak for a mouth.
You have claws for feet.


Message History

You are feeling hungry.
The orc wizard points at you and mumbles some strange words.
You resist with some effort.
Some of the chunks of flesh in your inventory have rotted away.
Casting: Shock
Confirm with . or Enter, or press ? or * to list all spells.
Aiming: Shock
Press: ? - help, Shift-Dir - straight line, f - orc wizard
Aim: an orc wizard, wielding a dagger and wearing a robe (heavily wounded)
The zap hits the orc wizard.
The orc wizard is severely wounded.
Casting: Shock
Confirm with . or Enter, or press ? or * to list all spells.
Aiming: Shock
Press: ? - help, Shift-Dir - straight line, f/p - orc wizard
Aim: an orc wizard, wielding a dagger and wearing a robe (severely wounded)
The zap hits the orc wizard.
The orc wizard is almost dead.
Casting: Shock
Confirm with . or Enter, or press ? or * to list all spells.
Aiming: Shock
Press: ? - help, Shift-Dir - straight line, f/p - orc wizard
Aim: an orc wizard, wielding a dagger and wearing a robe (almost dead)
The zap misses the orc wizard.
The zap hits the orc.
The orc is almost dead.
Casting: Shock
Confirm with . or Enter, or press ? or * to list all spells.
You don't have enough magic to cast that spell.
Casting: Shock
Confirm with . or Enter, or press ? or * to list all spells.
You don't have enough magic to cast that spell.
A hobgoblin comes into view.
The hobgoblin hits you.
You barely miss the hobgoblin. The hobgoblin barely misses you.
You closely miss the hobgoblin. The hobgoblin hits you.
You hit the hobgoblin but do no damage.
The hobgoblin is poisoned.
The hobgoblin barely misses you.
The orc wizard points at you and mumbles some strange words.
The magic dart hits you!
You hit the hobgoblin.
The hobgoblin looks as sick as possible!
You claw the hobgoblin, but do no damage.
The hobgoblin is moderately wounded.
The hobgoblin closely misses you.
You closely miss the orc wizard.
The orc wizard is almost dead.
The hobgoblin closely misses you.
The orc wizard gestures at you while chanting.
You are confused.
You bump into the rock wall.
The hobgoblin hits you.
* * * LOW HITPOINT WARNING * * *
The orc wizard hits you but does no damage.
The orc shouts!
You hear a shout!
You kill the hobgoblin!
The orc closely misses you.
The orc wizard gestures at you while chanting.
The magic dart hits you!
* * * LOW HITPOINT WARNING * * *
You're too confused to move!
The orc hits you.
* * * LOW HITPOINT WARNING * * *
The orc priest calls down the wrath of Beogh upon you.
Beogh smites you!
Ouch! That really hurt!
You die...
PP≈

#...... ≈PP♣♣
#......
≈♣P≈♣####...#.#
≈≈≈≈♣...#.#.#.#
≈≈P≈♣##.#.#.#.#
≈≈♣≈≈...#.#.#.#
≈≈P♣≈.###.#.#.###
≈≈≈≈≈.....(...†.##
≈≈≈≈♣####.##..#.@#
≈≈≈♣♣ ......>#oo#
≈P≈♣# #.#######..#
≈≈≈≈# #.#..)....##
♣≈≈≈# # ...%.o..#
≈PP♣# ........#
≈♣≈.# ....o...#
P≈#.# ........#
♣≈#.# ........#


You could see an orc priest, an orc wizard and 2 orcs.

Vanquished Creatures
  Jessica (D:2)
  An adder (D:3)
  An ooze (D:2)
  A dart slug (D:2)
  2 leopard geckos
  3 orcs
  7 bats
  2 giant cockroaches
  8 goblins
  10 hobgoblins
  4 jackals (D:1)
  6 kobolds
  A quokka (D:2)
  4 frilled lizards
  5 rats
56 creatures vanquished.

Notes
Turn   | Place    | Note
-------+----------+-------------------------------------------
     0 | D:1      | Amnesiac the Tengu Air Elementalist began the quest for the Orb.
     0 | D:1      | Reached XP level 1. HP: 10/10 MP: 4/4
   392 | D:2      | Reached XP level 2. HP: 14/15 MP: 0/6
   649 | D:1      | Reached skill level 5 in Air Magic
   661 | D:1      | Reached XP level 3. HP: 19/19 MP: 2/7
  1649 | D:2      | Reached XP level 4. HP: 21/24 MP: 1/9
  1655 | D:2      | Learned a level 4 spell: Airstrike
  2014 | D:2      | Noticed Jessica
  2015 | D:2      | Killed Jessica
  2015 | D:2      | Reached skill level 6 in Air Magic
  2323 | D:3      | Killed from afar by an orc priest

Vault maps used:
D:1:      dpeg_arrival_lava_temple_mockup
D:2:      uniq_jessica
D:3:      lemuel_coloured_pillars_altar, serial_bayou, serial_bayou_crossing,
          serial_bayou_lake_a, serial_bayou_pond_d, serial_bayou_shore_a,
          first_ration

Skill      XL: |  1  2  3  4 |
---------------+-------------+-----
Air Magic      | 5 6 |  6.3
Spellcasting   | 3 |  3.0
Dodging        | |  2.1
Stealth        | |  2.0
Conjurations   | |  1.3

Action                   |  1- 3 |  4- 6 || total
-------------------------+-------+-------++-------
Melee: Unarmed           |     6 |       ||     6
       Dagger            |     5 |    10 ||    15
       Kick              |     3 |     4 ||     7
       Peck              |     2 |     2 ||     4
 Cast: Shock             |    83 |    33 ||   116
       Airstrike         |       |     1 ||     1
 Stab: Sleeping          |     1 |       ||     1
  Eat: Chunk             |     3 |     2 ||     5
Armor: Robe              |     2 |     4 ||     6
Dodge: Dodged            |    19 |    15 ||    34

Table legend:
 A = Spawn XP
 B = Non-spawn XP
 C = Spawn XP percentage of total XP
 D = Spawn monster count
 E = Non-spawn monster count
 F = Spawn count percentage of total count
 G = Total turns spent on level
                    A         B        C        D         E        F      G
               +---------+---------+-------+---------+---------+-------+---------
         Total |       0 |     155 |   0.0 |       0 |      56 |   0.0 |  2323
               +---------+---------+-------+---------+---------+-------+---------
           D:1 |       0 |      46 |   0.0 |       0 |      27 |   0.0 |   997
           D:2 |       0 |      87 |   0.0 |       0 |      24 |   0.0 |  1210
           D:3 |       0 |      22 |   0.0 |       0 |       5 |   0.0 |   116
               +---------+---------+-------+---------+---------+-------+---------
